 Dungeon Crawl Stone Soup version 0.29.1-15-g9cfb28693d (webtiles) character file.

Game seed: 10302758873061036377

1010 MacCMillion the Cleaver (level 8, -19/68 HPs)
             Began as a Hill Orc Fighter on Feb 28, 2023.
             Was a Follower of Beogh.
             Demolished by an ogre
             ... wielding a +0 giant spiked club
              (34 damage)
             ... on level 5 of the Dungeon.
             The game lasted 00:16:15 (8091 turns).

MacCMillion the Cleaver (Hill Orc Fighter)          Turns: 8091, Time: 00:16:16

Health: -19/68     AC:  9    Str: 21      XL:     8   Next: 21%
Magic:  8/8        EV:  2    Int:  8      God:    Beogh [*.....]
Gold:   238        SH:  0    Dex:  0 (10) Spells: 7/7 levels left

rFire   + . .      SeeInvis +   a - +0 war axe
rCold   . . .      Faith    .   c - +0 buckler
rNeg    . . .      Spirit   .   r - +0 chain mail
rPois   .          Reflect  .   (no helmet)
rElec   .          Harm     .   (no cloak)
rCorr   .          Rampage  .   (no gloves)
Will    .....                   (no boots)
Stlth   ..........              (no amulet)
HPRegen 0.21/turn               k - ring of protection from fire
MPRegen 0.11/turn               o - ring of see invisible

@: slowed, lost dexterity, very slow
A: no striking features
a: Renounce Religion


You were on level 5 of the Dungeon.
You worshipped Beogh.
Beogh was aware of your devotion.
You visited 1 branch of the dungeon, and saw 5 of its levels.
You also visited: Sewer.

You collected 238 gold pieces.

Inventory:

Hand Weapons
 a - a +0 war axe (weapon)
Missiles
 f - 8 poisoned darts (quivered)
 h - 3 atropa-tipped darts
 j - a throwing net
Armour
 b - a +0 scale mail
 c - a +0 buckler (worn)
 r - a +0 chain mail (worn)
Jewellery
 k - a ring of protection from fire (left hand)
 o - a ring of see invisible (right hand)
Wands
 m - a wand of iceblast (8)
Scrolls
 i - a scroll of butterflies
 p - a scroll of immolation {unknown}
 q - a scroll of amnesia
 w - a scroll of fear
 y - a scroll of poison {unknown}
 A - a scroll of torment {unknown}
Potions
 d - a potion of might
 e - 4 potions of haste
 l - a potion of berserk rage {unknown}
 n - 3 potions of heal wounds
 s - 2 potions of cancellation
 t - a potion of experience {unknown}
 u - a potion of magic {unknown}
 v - 2 potions of mutation
 z - a potion of curing {unknown}


   Skills:
 - Level 5.0 Fighting
 + Level 11.4 Axes
 - Level 3.2 Armour
 - Level 4.0 Shields


You had 7 spell levels left.
You didn't know any spells.
Your spell library contained the following spells:

 Spells                   Type           Power      Damage    Failure   Level
 Beastly Appendage        Tmut           0%         N/A       99%         1
 Sting                    Tmut/Pois      0%         1d3       99%         1
 Poisonous Vapours        Pois/Air       0%         N/A       100%        2
 Sublimation of Blood     Necr           0%         N/A       100%        2
 Wereblood                Tmut           0%         N/A       100%        2
 Spider Form              Tmut/Pois      0%         N/A       100%        3
 Anguish                  Hex/Necr       0%         N/A       100%        4
 Olgreb's Toxic Radiance  Pois           0%         N/A       100%        4
 Death Channel            Necr           0%         N/A       100%        6
 Summon Hydra             Summ           0%         N/A       100%        7


Dungeon Overview and Level Annotations

Branches:
Dungeon (5/15)              Sewer (visited)
 Temple: D:4-7

Altars:
Dithmenos
Zin
The Shining One

Annotations:
D:2 Sigmund
D:3 1 runed translucent door, Crazy Yiuf, Grinder


Message History

The quasit completely misses you.
The quasit claws you but does no damage. x2
You barely miss the quasit.
The quasit is moderately wounded.
The quasit barely misses you.
The quasit claws you but does no damage.
The quasit completely misses you.
The quasit bites you but does no damage.
The quasit claws you but does no damage. x2
You closely miss the quasit.
The quasit is moderately wounded.
Your surroundings suddenly seem different.
You start resting.
HP restored.
There is a stone staircase leading down, spattered with blood here.
You climb downwards.
There is a stone staircase leading up here.
You start waiting.
Done waiting.
Found a flail.
You see here a +0 flail.
An ogre comes into view. It is wielding a +0 giant spiked club.
The ogre shouts!
Okay, then.
You throw a poisoned dart. The poisoned dart hits the ogre.
The ogre hits you with a +0 giant spiked club.
You completely miss the ogre.
The ogre hits you with a +0 giant spiked club!
You slash the ogre!
The ogre is moderately wounded.
The ogre hits you with a +0 giant spiked club!!
You barely miss the ogre.
The ogre is moderately wounded.
The ogre hits you with a +0 giant spiked club!
* * * LOW HITPOINT WARNING * * *
You hit the ogre.
The ogre is heavily wounded.
The ogre hits you with a +0 giant spiked club!!
Ouch! That really hurt!
You die...

#.##.# #. .. #.##.#
#.####.###.♣..#
#.##.#
#.............. #.
#.####### #.#
#........ #.#
#.##..###### #O#
#..P.P# #.#
#.♣P♣.###########.#
#.§§♣........@O(..#
##♣♣P.#############
####


You could see an ogre.

Vanquished Creatures
  Duvessa (D:5)
  An ogre (D:4)
  Blork the orc (D:4)
  2 necrophages
  A scorpion (D:4)
  Dowan (D:5)
  A crimson imp (D:3)
  2 quasits (D:5)
  2 orc wizards (D:4)
  10 adders
  4 gnolls (D:4)
  6 river rats (Sewer)
  A shadow imp (D:5)
  2 white imps (D:5)
  2 ufetubi (D:4)
  2 worms
  7 dart slugs
  11 orcs
  14 ball pythons
  8 bats
  8 endoplasms
  5 giant cockroaches
  4 hobgoblins
  6 jackals
  22 kobolds
  3 quokkas
  6 frilled lizards
  2 goblins
  3 goblin zombies (D:3)
  4 hobgoblin zombies (D:3)
  A kobold skeleton (D:3)
  An orc skeleton (D:3)
  24 rats
168 creatures vanquished.

Vanquished Creatures (others)
  An orc priest (D:3)
  An orc wizard (D:3)
  2 jackals (D:3)
  3 demonic plants (D:5)
  3 fungi (D:3)
  2 plants (D:2)
12 creatures vanquished.

Grand Total: 180 creatures vanquished

Notes
Turn   | Place    | Note
-------+----------+-------------------------------------------
     0 | D:1      | MacCMillion the Hill Orc Fighter began the quest for the
                  | Orb.
     0 | D:1      | Reached XP level 1. HP: 19/19 MP: 1/1
   173 | D:1      | Reached skill level 3 in Axes
   362 | D:1      | Reached XP level 2. HP: 22/26 MP: 2/2
  1172 | D:2      | Found a faded altar of an unknown god.
  1223 | D:2      | Found a shadowy altar of Dithmenos.
  1226 | D:2      | Reached XP level 3. HP: 31/31 MP: 3/3
  1255 | D:2      | Reached skill level 4 in Axes
  2233 | D:3      | Reached XP level 4. HP: 39/39 MP: 4/4
  2239 | D:3      | Noticed Sigmund
  2335 | D:3      | Found a runed translucent door.
  2336 | D:3      | Noticed Crazy Yiuf
  2438 | D:3      | Reached skill level 5 in Axes
  2450 | D:3      | Found a glowing golden altar of the Shining One.
  2545 | D:3      | Got Jolirgh Gemp's Almanac of Intoxication and Despicable
                  | Rituals
  2609 | D:3      | Reached skill level 6 in Axes
  2609 | D:3      | Reached XP level 5. HP: 37/45 MP: 5/5
  2700 | D:3      | Found a glowing drain.
  2708 | Sewer    | Entered a sewer
  3092 | Sewer    | Reached skill level 7 in Axes
  3221 | Sewer    | Identified the +0 robe of Ekaptase {Fly rCorr MP+9 Int+6}
  3317 | Sewer    | Reached XP level 6. HP: 50/51 MP: 6/6
  3689 | D:3      | Became a worshipper of Beogh the Brigand
  3889 | D:3      | Noticed Grinder
  3901 | D:3      | Paralysed by Grinder for 4 turns
  4231 | D:3      | Found a glowing silver altar of Zin.
  4636 | D:4      | Noticed Blork the orc
  4644 | D:4      | Killed Blork the orc
  4645 | D:4      | Reached skill level 8 in Axes
  5882 | D:4      | Reached XP level 7. HP: 50/59 MP: 7/7
  5886 | D:4      | Reached * piety under Beogh
  6152 | D:4      | Reached skill level 5 in Fighting
  6152 | D:4      | Reached skill level 9 in Axes
  6643 | D:5      | Entered Level 5 of the Dungeon
  6643 | D:5      | Noticed Duvessa
  6643 | D:5      | Noticed Dowan
  6948 | D:4      | Reached skill level 10 in Axes
  7168 | D:5      | Killed Duvessa
  7169 | D:5      | Reached XP level 8. HP: 24/68 MP: 8/8
  7170 | D:5      | Killed Dowan
  7171 | D:5      | Reached skill level 11 in Axes
  7860 | D:5      | Lost dexterity.
  8091 | D:5      | Demolished by an ogre

Illustrated notes

Levels and vault maps discovered:
D:1:      grunt_arrival_crossed_arrows, layout_basic
D:2:      layout_loops_corners, nicolae_ecumenical_oubliette, basic_altar,
          minmay_shallow_snake_nest
D:3:      layout_loops_ring, nicolae_tso_besieged_by_evil,
          mainiacjoe_overflow_24_doors, gup_sewer_entry_bubbles, uniq_sigmund,
          uniq_crazy_yiuf_cottage, uniq_grinder
D:4:      layout_basic, minivault_23, uniq_blork_the_orc
D:5:      layout_loops_ring, mainiacjoe_overflow_catwalk, serial_demonic,
          serial_demonic_b, serial_demonic_e, serial_demonic_b,
          serial_demonic_a, serial_demonic_a, serial_demonic_f,
          serial_demonic_b, serial_demonic_e, serial_demonic_g,
          serial_demonic_d, uniq_duvessa

Skill      XL: |  1  2  3  4  5  6  7  8 |
---------------+-------------------------+-----
Axes           | 3 4 6 7 8 10 11 | 11.4
Shields        | 4 |  4.0
Fighting       | 4 5 |  5.0
Armour         | |  3.2

Action                   |  1- 3 |  4- 6 |  7- 9 || total
-------------------------+-------+-------+-------++-------
Melee: War axe           |   104 |   297 |   159 ||   560
Throw: Dart              |       |       |     5 ||     5
Invok: Convert to Beogh  |       |     1 |       ||     1
  Use: Potion            |       |     1 |     1 ||     2
       Scroll            |       |     1 |     6 ||     7
Armor: Scale mail        |    51 |       |       ||    51
       Chain mail        |     2 |   141 |   166 ||   309
Dodge: Dodged            |    53 |    82 |    69 ||   204
Block: Buckler           |    26 |    56 |    36 ||   118
